 Dungeon Crawl Stone Soup version 0.30.1-11-g7821555f0a (webtiles) character file.

Game seed: 6694519226124467863

508 CrazyMind the Magician (level 6, -7/35 (42) HPs)
             Began as a Demonspawn Hedge Wizard on Nov 5, 2023.
             Was a Follower of Vehumet.
             Killed by divine providence
             ... invoked by an orc priest
              (12 damage)
             ... on level 5 of the Dungeon.
             The game lasted 00:19:54 (4769 turns).

CrazyMind the Magician (Demonspawn Hedge Wizard)    Turns: 4769, Time: 00:19:55

HP:   -7/35 (42)    AC:  9    Str: 11    XL:     6   Next: 98%
MP:   13/13         EV: 12    Int: 17    God:    Vehumet [*.....]
Gold: 193           SH:  0    Dex: 12    Spells: 8/15 levels left

rFire   + . .        t - +3 rapier "Mahytt" {pain, Will+}
rCold   . . .        (no shield)
rNeg    . . .        b - +0 robe
rPois   .            c - +0 hat
rElec   .            (no cloak)
rCorr   .            w - +2 pair of gloves
SInv    .            q - +0 pair of boots
Will    +....        (no amulet)
Stlth   ++           j - ring of protection from cold
HPRegen 0.25/turn    v - ring of fire
MPRegen 0.13/turn

%: no passive effects
@: heavily drained
A: icy blue scales 2, spiny 2
a: Renounce Religion


You were on level 5 of the Dungeon.
You worshipped Vehumet.
Vehumet was aware of your devotion.
You visited 1 branch of the dungeon, and saw 5 of its levels.

You collected 193 gold pieces.

Inventory:

Hand Weapons
 a - a +0 dagger of draining
 t - the +3 rapier "Mahytt" (weapon) {pain, Will+}
   (You found it on level 3 of the Dungeon)

   Will:      It increases your willpower.
Missiles
 l - 5 poisoned darts (quivered)
 y - 7 boomerangs
Armour
 b - a +0 robe (worn)
 c - a +0 hat (worn)
 q - a +0 pair of boots (worn)
 w - a +2 pair of gloves (worn)
Magical Staves
 g - a staff of death
Jewellery
 j - a ring of protection from cold (left hand)
 v - a ring of fire (right hand)
Wands
 i - a wand of paralysis (5)
 u - a wand of mindburst (26)
Scrolls
 f - 3 scrolls of identify
 p - 3 scrolls of teleportation
 r - a scroll of acquirement {unknown}
 s - 2 scrolls of noise {unknown}
 x - 2 scrolls of enchant armour {unknown}
 A - 2 scrolls of vulnerability {unknown}
 B - a scroll of enchant weapon {unknown}
Potions
 d - a potion of magic
 e - a potion of attraction {unknown}
 h - a potion of might {unknown}
 k - a potion of brilliance {unknown}
 m - a potion of heal wounds {unknown}
 n - a potion of experience {unknown}
 o - 6 potions of curing
 z - a potion of lignification {unknown}
 C - a potion of berserk rage {unknown}
 D - a potion of degeneration {unknown}


   Skills:
 + Level 0.4 Fighting
 * Level 2.0 Short Blades
 + Level 2.1 Dodging
 + Level 2.5 Stealth
 * Level 5.1 Spellcasting
 * Level 2.7 Conjurations
 + Level 2.1 Summonings
 * Level 2.5 Necromancy
 - Level 1.0 Translocations
 + Level 0.3 Evocations


You had 8 spell levels left.
You knew the following spells:

 Your Spells              Type           Power      Damage    Failure   Level
a - Magic Dart            Conj           52%        1d5       4%          1
b - Blink                 Tloc           14%        N/A       14%         2
c - Call Imp              Summ           22%        N/A       9%          2
d - Cigotuvi's Dreadful   Necr/Pois/Air  14%        N/A       14%         2

Your spell library contained the following spells:

 Spells                   Type           Power      Damage    Failure   Level
 Sandblast                Erth           8%         2d5       14%         1
 Slow                     Hex            16%        N/A       14%         1
 Lesser Beckoning         Tloc           14%        N/A       14%         2
 Gell's Gravitas          Tloc           7%         N/A       28%         3
 Mephitic Cloud           Conj/Pois/Air  7%         N/A       28%         3
 Teleport Other           Tloc           7%         N/A       28%         3
 Iskenderun's Battlesphe  Conj           13%        2d7       77%         5
 Fireball                 Conj/Fire      6%         3d5       91%         5
 Conjure Ball Lightning   Conj/Air       4%         3x3d6     100%        6
 Orb of Destruction       Conj           6%         9d6       100%        7


Dungeon Overview and Level Annotations

Branches:
Dungeon (5/15) Zot: 25216
 Temple: D:4-7

Altars:
Gozag
Makhleb
Trog
Uskayaw
Vehumet
Xom

Annotations:
D:2 exclusion: adder, Terence


Innate Abilities, Weirdness & Mutations

You are mostly covered in icy blue scales. (AC +3)
You are mostly covered in sharp spines.


Message History

You puncture the orc wizard!
You kill the orc wizard!
Vehumet accepts your kill.
The orc priest begins to cast a cantrip, but forgets the words!
You closely miss the orc. The orc completely misses you.
You barely miss the orc. The orc is struck by your spines. The orc misses you.
You hit the orc.
The orc is heavily wounded.
The orc is struck by your spines.
You kill the orc!
Vehumet accepts your kill. The orc priest completely misses you.
Your Short Blades skill increases to level 2!
You barely miss the orc priest. The orc priest closely misses you.
You hit the orc priest.
The orc priest writhes in agony.
The orc priest is lightly wounded.
A quokka comes into view.
The orc priest hits you with a +0 hand axe.
You closely miss the orc priest.
The orc priest is lightly wounded.
The orc priest barely misses you.
You hit the orc priest but do no damage.
The orc priest is lightly wounded.
The orc priest calls down the wrath of Beogh upon you.
Beogh smites you!
The orc priest hits you with a +0 hand axe.
You hit the orc priest.
The orc priest writhes in agony.
The orc priest is heavily wounded.
The orc priest mumbles some strange prayers to Beogh against you.
Beogh smites you!
* * * LOW HITPOINT WARNING * * *
You hit the orc priest but do no damage.
The orc priest writhes in agony.
The orc priest is heavily wounded.
The orc priest hits you but does no damage.
You hit the orc priest.
The orc priest writhes in agony.
The orc priest is almost dead.
The orc priest invokes the aid of Beogh against you.
Beogh smites you!
You die...

#.........#...)# #
#.###.###.#.<..< #. #.#
#.# #.#.###) ##'# #.#
#.###.#. #.. #...# #.#
#..##.#....# .....#
#.####.##.####.# ......#
#..###.##.#....#
......r####...##.##(#.####
......ooo@...............#
.......####...##.#######.#
......# #......# #.#
.o...# #.###### #.. #...#
#.# #.# ##'# #.# ####.# #.
#.# #..... # #.# #.##..
#.##..


You could see 2 orc priests, an orc and a quokka.

Vanquished Creatures
  An ogre (D:5)
  A scorpion (D:4)
  A crimson imp (D:4)
  An orc priest (D:5)
  An iguana (D:5)
  3 orc wizards
  2 gnolls (D:3)
  7 adders
  An ufetubus (D:4)
  A dart slug (D:3)
  18 orcs
  3 bats
  8 endoplasms
  3 giant cockroaches
  5 goblins
  4 hobgoblins
  2 jackals (D:4)
  5 kobolds
  2 quokkas (D:4)
  4 ball pythons
  3 frilled lizards
  5 rats
81 creatures vanquished.

Vanquished Creatures (collateral kills)
  A gnoll (D:3)
  A kobold (D:3)
2 creatures vanquished.

Vanquished Creatures (others)
  An orc wizard (D:4)
1 creature vanquished.

Grand Total: 84 creatures vanquished

Notes
Turn   | Place    | Note
-------+----------+-------------------------------------------
     0 | D:1      | CrazyMind the Demonspawn Hedge Wizard began the quest for
                  | the Orb.
     0 | D:1      | Reached XP level 1. HP: 13/13 MP: 4/4
   397 | D:1      | Gained mutation: You are partially covered in sharp spines.
                  | [demonic ancestry]
   397 | D:1      | Reached XP level 2. HP: 19/19 MP: 6/6
   471 | D:1      | Learned a level 2 spell: Blink
  1220 | D:2      | Gained mutation: You are mostly covered in sharp spines.
                  | [demonic ancestry]
  1220 | D:2      | Reached XP level 3. HP: 19/24 MP: 0/8
  1290 | D:2      | Learned a level 2 spell: Call Imp
  1694 | D:2      | Noticed Terence
  1910 | D:3      | Reached skill level 4 in Spellcasting
  1910 | D:3      | Reached skill level 1 in Translocations
  2077 | D:3      | Identified the +3 rapier "Mahytt" {pain, Will+}
  2268 | D:3      | Reached XP level 4. HP: 17/30 MP: 7/10
  2350 | D:3      | You fall into a shaft and drop 1 floor!
  2375 | D:4      | Found a burning altar of Makhleb.
  2448 | D:4      | Found a radiant altar of Vehumet.
  2458 | D:4      | Became a worshipper of Vehumet
  2667 | D:3      | Found a shimmering altar of Xom.
  2686 | D:3      | Found a hide-covered altar of Uskayaw.
  2705 | D:3      | Found an opulent altar of Gozag.
  3071 | D:4      | Reached skill level 1 in Necromancy
  3151 | D:4      | Noticed a scorpion
  3158 | D:4      | Killed a scorpion
  3159 | D:4      | Reached skill level 1 in Short Blades
  3159 | D:4      | Gained mutation: You are partially covered in icy blue
                  | scales. (AC +2) [demonic ancestry]
  3159 | D:4      | Reached XP level 5. HP: 35/35 MP: 6/11
  3701 | D:4      | Gained mutation: You are mostly covered in icy blue scales.
                  | (AC +3) [demonic ancestry]
  3701 | D:4      | Reached XP level 6. HP: 39/41 MP: 13/13
  3825 | D:4      | Found a bloodstained altar of Trog.
  4040 | D:5      | Entered Level 5 of the Dungeon
  4126 | D:5      | Reached * piety under Vehumet
  4126 | D:5      | Offered knowledge of Sandblast by Vehumet.
  4145 | D:5      | Reached skill level 5 in Spellcasting
  4570 | D:4      | Learned a level 2 spell: Cigotuvi's Dreadful Rot
  4769 | D:5      | Killed from afar by an orc priest

Illustrated notes

Levels and vault maps discovered:
D:1:      eino_arrival_water_star, layout_basic, nrook_mini_vaults
D:2:      layout_loops_corners, minmay_pentomino_x2, uniq_terence
D:3:      layout_basic, grunt_temple_overflow_cloverleaf
D:4:      layout_loops_corners, grunt_temple_overflow_lords_of_destruction,
          trog_butcher_becter
D:5:      layout_loops_corners, minivault_5

Skill      XL: |  1  2  3  4  5  6 |
---------------+-------------------+-----
Spellcasting   | 4 5 |  5.1
Translocations | 1 |  1.0
Stealth        | 2 |  2.5
Necromancy     | 1 2 |  2.5
Short Blades   | 1 2 |  2.0
Dodging        | 2 |  2.1
Conjurations   | 2 |  2.7
Summonings     | 2 |  2.1
Fighting       | |  0.4
Evocations     | |  0.3

Action                     |  1- 3 |  4- 6 || total
---------------------------+-------+-------++-------
  Melee: Dagger            |    18 |       ||    18
         Rapier            |     8 |    76 ||    84
  Throw: Dart              |       |     1 ||     1
   Cast: Magic Dart        |    48 |    26 ||    74
         Call Imp          |     3 |     9 ||    12
         Blink             |     1 |       ||     1
         Cigotuvi's Dreadf |       |     2 ||     2
  Evoke: Wand              |       |     9 ||     9
    Use: Scroll            |       |     6 ||     6
   Stab: Sleeping          |     8 |     1 ||     9
         Paralysed         |       |     3 ||     3
 Armour: Robe              |     2 |    27 ||    29
  Dodge: Dodged            |    21 |    27 ||    48
